 Dungeon Sprint DCSS version 0.27-a0-203-gd48b2df3c9 (webtiles) character file.

Game seed: 2001053115344636992

1448 mhtbhm the Martial Artist (level 8, -1/93 HPs)
             Began as a Merfolk Transmuter on Jan 30, 2021.
             Was a Believer of Sif Muna.
             Slain by a five-headed hydra (16 damage)
             ... in the Dungeon (Sprint IX: "|||||||||||||||||||||||||||||").
             The game lasted 00:02:01 (602 turns).

mhtbhm the Martial Artist (Merfolk Transmuter)       Turns: 602, Time: 00:02:02

Health: -1/93      AC:  2    Str: 12    XL:     8   Next: 75%
Magic:  10/19      EV: 30    Int: 16    God:    Sif Muna [**....]
Gold:   0          SH:  0    Dex: 22    Spells: 16/22 levels left

rFire    . . .     SeeInvis .     - Unarmed
rCold    . . .     Faith    .   (shield currently unavailable)
rNeg     . . .     Spirit   .   (armour currently unavailable)
rPois    x         Reflect  .   (helmet currently unavailable)
rElec    .         Harm     .   (cloak currently unavailable)
rCorr    .         Rampage  .   (gloves currently unavailable)
Will     .....     NoTele   +   (boots currently unavailable)
Stlth    ..........             (no amulet)
HPRegen  0.25/turn              n - +3 ring of intelligence
MPRegen  0.16/turn              o - +3 ring of dexterity

@: berserking, spider-form, wereblooded, very quick
A: tiny, (change form in water), (swift swim), (stealthy swim)
a: End Transformation, Renounce Religion, Channel Magic


You were in the Dungeon.
You worshipped Sif Muna.
Sif Muna was pleased with you.
You were a venomous arachnid creature.
You visited 1 branch

Inventory:

Armour
 a - a +0 robe (melded)
 l - a +0 pair of gloves (melded)
 m - a +0 helmet (melded)
Jewellery
 n - a +3 ring of intelligence (left front leg)
 o - a +3 ring of dexterity (right front leg)
Wands
 k - a wand of acid (8)
Scrolls
 h - 2 scrolls of blinking
 i - 3 scrolls of remove curse
 j - 2 scrolls of amnesia
Potions
 b - a potion of invisibility
 c - 5 potions of curing
 d - a potion of heal wounds
 e - a potion of haste
 f - 4 potions of magic


   Skills:
 + Level 5.0 Fighting
 + Level 8.9 Dodging
 + Level 1.5 Stealth
 + Level 13.6 Unarmed Combat
 + Level 7.8 Spellcasting
 + Level 10.4 Transmutations
 + Level 3.0 Poison Magic
 + Level 1.1 Evocations


You had 16 spell levels left.
You knew the following spells:

 Your Spells              Type           Power        Failure   Level
a - Beastly Appendage     Tmut           78%          1%          1
b - Wereblood             Tmut           39%          2%          2
c - Spider Form           Tmut/Pois      13%          9%          3

Your spell library contained the following spells:

 Spells                   Type           Power        Failure   Level
 Blade Hands              Tmut           19%          13%         5
 Ice Form                 Ice/Tmut       22%          32%         4


Dungeon Overview and Level Annotations

Branches:
Dungeon (1/1)

Altars:
Cheibriados
Dithmenos
Elyvilon
Fedhas
Gozag
Hepliaklqana
Kikubaaqudgha
Makhleb
Nemelex Xobeh
Okawaru
Qazlal
Ru
Sif Muna
Trog
Uskayaw
Vehumet
Wu Jian
Xom
Yredelemnul
Zin
The Shining One
Beogh
Jiyva
Lugonu


Message History

You are covered in liquid flames!
Your Fighting skill increases to level 5!
Your Dodging skill increases to level 8!
Your Unarmed Combat skill increases to level 13!
Your Transmutations skill increases to level 10!
Your Poison Magic skill increases to level 3!
Your Evocations skill increases to level 1!
You have reached level 8!
You bite the five-headed hydra!
The five-headed hydra is poisoned.
The five-headed hydra is lightly wounded.
You are covered in liquid flames!
You bite the five-headed hydra!
The five-headed hydra looks as sick as possible!
The five-headed hydra is moderately wounded.
The five-headed hydra completely misses you.
The five-headed hydra bites you. The five-headed hydra bites you!
* * * LOW HITPOINT WARNING * * *
The five-headed hydra closely misses you.
The five-headed hydra bites you!
You die...

▓.▓
▓)▓
▓.▓
▓.▓
▓.▓
▓.▓
▓.▓
▓.▓
▓s▓
▓D▓
▓O▓
▓.▓
▓o▓
▓l▓
▓.▓
▓+▓


You could see a five-headed hydra (extremely poisoned), an orc warrior, an ogre
and an iguana.

Vanquished Creatures
  A two-headed ogre (D)
  A deep elf pyromancer (D)
  A yak (D)
  An orc warrior (D)
  A gnoll sergeant (D)
  A howler monkey (D)
  A hound (D)
  An ooze (D)
  An ufetubus (D)
  2 adder zombies (D)
  An orc (D)
  2 bat zombies (D)
  A giant cockroach (D)
  A jackal (D)
  A bat (D)
  A kobold (D)
18 creatures vanquished.

Notes
Turn   | Place    | Note
-------+----------+-------------------------------------------
     0 | D        | mhtbhm the Merfolk Transmuter began the quest for the Orb.
     0 | D        | Reached XP level 1. HP: 15/15 MP: 3/3
    21 | D        | Reached skill level 4 in Unarmed Combat
    21 | D        | Reached XP level 2. HP: 5/21 MP: 2/5
   306 | D        | Learned a level 2 spell: Wereblood
   317 | D        | Reached skill level 5 in Unarmed Combat
   323 | D        | Reached XP level 3. HP: 18/27 MP: 3/7
   327 | D        | Found a roughly hewn altar of Beogh.
   327 | D        | Found a snail-covered altar of Cheibriados.
   327 | D        | Found a shadowy altar of Dithmenos.
   327 | D        | Found a white marble altar of Elyvilon.
   327 | D        | Found a blossoming altar of Fedhas.
   327 | D        | Found an opulent altar of Gozag.
   328 | D        | Found a hazy altar of Hepliaklqana.
   329 | D        | Found a viscous altar of Jiyva.
   330 | D        | Found an ancient bone altar of Kikubaaqudgha.
   331 | D        | Found a corrupted altar of Lugonu.
   332 | D        | Found a burning altar of Makhleb.
   333 | D        | Found a sparkling altar of Nemelex Xobeh.
   334 | D        | Found an iron altar of Okawaru.
   335 | D        | Found a stormy altar of Qazlal.
   336 | D        | Found a sacrificial altar of Ru.
   337 | D        | Found a shimmering blue altar of Sif Muna.
   338 | D        | Found a bloodstained altar of Trog.
   339 | D        | Found a hide-covered altar of Uskayaw.
   340 | D        | Found a radiant altar of Vehumet.
   341 | D        | Found an ornate altar of the Wu Jian Council.
   342 | D        | Found a shimmering altar of Xom.
   343 | D        | Found a basalt altar of Yredelemnul.
   344 | D        | Found a glowing silver altar of Zin.
   345 | D        | Became a worshipper of Sif Muna the Loreminder
   346 | D        | Found a glowing golden altar of the Shining One.
   367 | D        | Learned a level 3 spell: Spider Form
   478 | D        | Noticed a yak
   478 | D        | Noticed a gnoll sergeant
   478 | D        | Noticed an orc warrior
   486 | D        | Killed a yak
   487 | D        | Reached skill level 5 in Dodging
   487 | D        | Reached skill level 8 in Unarmed Combat
   487 | D        | Reached skill level 1 in Poison Magic
   487 | D        | Reached XP level 4. HP: 14/34 MP: 1/10
   487 | D        | Reached XP level 5. HP: 16/40 MP: 1/11
   492 | D        | Reached * piety under Sif Muna
   493 | D        | Reached skill level 9 in Unarmed Combat
   493 | D        | Reached skill level 5 in Spellcasting
   493 | D        | Reached XP level 6. HP: 7/47 MP: 1/13
   495 | D        | Killed an orc warrior
   496 | D        | Reached skill level 10 in Unarmed Combat
   496 | D        | Reached ** piety under Sif Muna
   588 | D        | Noticed a deep elf pyromancer
   588 | D        | Noticed a two-headed ogre
   588 | D        | Noticed an orc warrior
   588 | D        | Noticed a five-headed hydra
   595 | D        | Killed a deep elf pyromancer
   596 | D        | Reached skill level 1 in Stealth
   596 | D        | Reached skill level 12 in Unarmed Combat
   596 | D        | Reached XP level 7. HP: 55/55 MP: 9/17
   600 | D        | Killed a two-headed ogre
   601 | D        | Reached skill level 5 in Fighting
   601 | D        | Reached skill level 13 in Unarmed Combat
   601 | D        | Reached skill level 10 in Transmutations
   601 | D        | Reached skill level 1 in Evocations
   601 | D        | Reached XP level 8. HP: 36/62 MP: 9/19
   602 | D        | Slain by a five-headed hydra

Illustrated notes

Levels and vault maps discovered:
D:        linesprint [early_d, line_temple, items_1, d_10, items_2, lair_1,
          lair_end, items_3, orc_1, orc_end, items_4, d_15, swamp_1, shoals_1,
          snake_1, spider_1, d_20, vaults_1, items_5, swamp_end, shoals_end,
          snake_end, spider_end, vaults_end, d_27, items_6, zot_1, zot_end,
          crypt_end, forest_end, elf_end, slime_end, tomb_end, abyss_end,
          pan_hell_end]

Skill      XL: |  1  2  3  4  5  6  7 |
---------------+----------------------+-----
Dodging        | 3 5 6 7 8 |  8.9
Unarmed Combat | 4 5 8 9 12 13 | 13.6
Transmutations | 3 6 7 9 10 | 10.4
Spellcasting   | 3 4 5 7 |  7.8
Fighting       | 2 3 4 5 |  5.0
Poison Magic   | 1 2 3 |  3.0
Stealth        | 1 |  1.5
Evocations     | 1 |  1.1

Action                   |  1- 3 |  4- 6 |  7- 9 || total
-------------------------+-------+-------+-------++-------
Melee: Unarmed           |    41 |    11 |     6 ||    58
       Headbutt          |     7 |       |       ||     7
 Cast: Beastly Appendage |     3 |       |       ||     3
       Wereblood         |     2 |     1 |       ||     3
       Spider Form       |     1 |     1 |       ||     2
Evoke: Wand              |     1 |     1 |       ||     2
  Use: Potion            |     1 |     2 |       ||     3
Armor: Robe              |     2 |       |       ||     2
Dodge: Dodged            |    35 |     8 |     5 ||    48

Table legend: (Time is in decaauts)
 A = Elapsed time spent in this place.
 B = Non-inter-level travel time spent in this place.
 C = Inter-level travel time spent in this place.
 D = Time resting spent in this place.
 E = Time spent auto-exploring this place.
 F = Levels seen in this place.
 G = Mean time per level.
                   A        B        C        D        E       F      G
               +--------+--------+--------+--------+--------+-----+--------+
         Total |    592 |    592 |      0 |    436 |      3 |   1 |  592.0 |
       Dungeon |    592 |    592 |      0 |    436 |      3 |   1 |  592.0 |
               +--------+--------+--------+--------+--------+-----+--------+

Top non-repeatable levels by time:
       D: 592 daAuts
